[Event "Team 45 45 League T87"]
[Site "Internet Chess Club"]
[Date "2021.02.09"]
[Round "5"]
[White "clarinetref"]
[Black "Chess4Him"]
[Result "1-0"]
[WhiteElo "1472"]
[BlackElo "1538"]
[Opening "Réti: advance variation"]
[ECO "A09"]
[Time "11:00:26"]
[TimeControl "2700+45"]

1. Nf3 d5 2. c4 d4 3. g3 c5 4. d3 Nc6 5. Bg2 e5 6. Nbd2 Nf6 7. O-O h6 8. a3 a5
9. b3 Bd6 10. Re1 O-O 11. Nf1 Re8 12. e3 e4 13. dxe4 dxe3 14. Nxe3 Ne5 15. Nd5
Nxf3+ 16. Bxf3 Nxd5 17. exd5 Rxe1+ 18. Qxe1 Qf6 19. Bf4 Bxf4 20. gxf4 Qg6+ 21.
Kh1 Bf5 22. Qg1 Qf6 23. Re1 Bc2 24. Bd1 Bxd1 25. Rxd1 Qxf4 26. Qg3 Qe4+ 27. f3
Qc2 28. Rg1 Qb2 29. f4 Re8 30. f5 Re2 31. d6 Rd2 32. Qf4 Kf8 33. Re1 Rf2 34. d7
Re2 35. Qb8+ {Black resigns} 1-0

[Event "Team 45 45 League T87"]
[Site "Internet Chess Club"]
[Date "2021.02.06"]
[Round "5"]
[White "BrerRabbit"]
[Black "sdcohle"]
[Result "0-1"]
[WhiteElo "1405"]
[BlackElo "1388"]
[Opening "Queen's pawn game, Darooha variation "]
[ECO "D02"]
[Time "14:31:01"]
[TimeControl "2700+45"]

1. d4 d5 2. Nf3 Nf6 3. g3 e6 4. Bg2 c6 5. O-O Bd6 6. c4 Nbd7 7. Qc2 O-O 8. Nbd2
Re8 9. e4 dxe4 10. Nxe4 Nxe4 11. Qxe4 Nf6 12. Qc2 h6 13. a3 a5 14. b3 b6 15. Bb2
Bb7 16. c5 bxc5 17. dxc5 Bc7 18. Rfe1 Qe7 19. Be5 Nd5 20. Nd2 Rad8 21. Nc4 Qxc5
22. Bxc7 Nxc7 23. Rac1 Nd5 24. a4 Nb4 25. Re5 Qxe5 26. Nxe5 Nxc2 27. Bxc6 Bxc6
28. Nxc6 Rd2 29. Nxa5 Nd4 30. b4 Ne2+ {White resigns} 0-1

[Event "Team 45 45 League T87"]
[Site "Internet Chess Club"]
[Date "2021.02.07"]
[Round "5"]
[White "harrington"]
[Black "Ostap-Bender"]
[Result "1-0"]
[WhiteElo "1348"]
[BlackElo "1228"]
[Opening "Sicilian: Taimanov variation"]
[ECO "B46"]
[Time "15:00:19"]
[TimeControl "2700+45"]

1. e4 c5 2. Nf3 e6 3. d4 cxd4 4. Nxd4 Nc6 5. Nc3 a6 6. Be2 Nf6 7. O-O d5 8. exd5
Nxd5 9. Nxd5 Qxd5 10. Bf3 Qd7 11. Nxc6 bxc6 12. Be3 Be7 13. Qd4 Qxd4 14. Bxd4
O-O 15. Bxc6 Rb8 16. Rad1 Bb7 17. Bxb7 Rxb7 18. b3 Rd8 19. Be3 Rbd7 20. Rxd7
Rxd7 21. c4 Kf8 22. f3 Ke8 23. Kf2 Kd8 24. Ke2 Kc7 25. Rd1 Bd6 26. h3 Kc6 27. c5
Bc7 28. Rxd7 Kxd7 29. Kd3 Kc6 30. Kc4 a5 31. a3 e5 32. b4 axb4 33. axb4 f5 34.
b5+ Kd7 35. c6+ Kc8 36. b6 Bd6 37. Kd5 {Black resigns} 1-0

[Event "Team 45 45 League T87"]
[Site "Internet Chess Club"]
[Date "2021.02.07"]
[Round "5"]
[White "stantheman59"]
[Black "gregorgg"]
[Result "0-1"]
[WhiteElo "1210"]
[BlackElo "1382"]
[Opening "Sicilian defense"]
[ECO "B20"]
[Time "15:01:37"]
[TimeControl "2700+45"]

1. e4 c5 2. b3 Nc6 3. Nf3 d6 4. Bb2 Nf6 5. Bxf6 exf6 6. c3 b6 7. Bb5 Bd7 8. Be2
g6 9. d4 Bg7 10. Na3 O-O 11. O-O f5 12. d5 Ne7 13. Rc1 fxe4 14. Ng5 Nf5 15. Nxe4
Re8 16. f3 Ne3 17. Qe1 Nxf1 18. Bxf1 Qe7 19. Bd3 f5 20. Nf6+ Bxf6 21. Qxe7 Rxe7
22. Bb5 Bxb5 23. Nxb5 Rae8 24. Nxd6 Re1+ 25. Rxe1 Rxe1+ 26. Kf2 Bxc3 27. Nb5 Bd2
28. Nxa7 Re5 29. d6 Rd5 30. Nc8 Kf7 31. Nxb6 Rxd6 32. Nc4 Rd8 33. Ke2 Bc3 34. a4
Ke6 35. g4 fxg4 36. fxg4 Kf6 37. Ke3 Kg5 38. Kf3 Rd3+ 39. Ne3 Bd4 {White
resigns} 0-1

[Event "Team 45 45 League T87"]
[Site "Internet Chess Club"]
[Date "2021.02.07"]
[Round "5"]
[White "ILRE"]
[Black "cayo89"]
[Result "1-0"]
[WhiteElo "1670"]
[BlackElo "1511"]
[Opening "Queen's pawn: London system"]
[ECO "A45"]
[Time "17:02:40"]
[TimeControl "2700+45"]

1. d4 Nf6 2. Bf4 d6 3. Nf3 Bg4 4. Nbd2 Nbd7 5. h3 Bh5 6. g4 Bg6 7. e3 c6 8. Bg2
Qc7 9. Bg3 e5 10. dxe5 Nxe5 11. O-O Nxf3+ 12. Nxf3 Be7 13. c4 Ne4 14. Bf4 O-O
15. Rc1 c5 16. Qe2 Qa5 17. a3 Rad8 18. Rfd1 a6 19. Nd2 Nxd2 20. Rxd2 b5 21. cxb5
axb5 22. Rcd1 Qb6 23. Bf1 c4 24. Bg2 Bd3 25. Qf3 d5 26. Qg3 Qe6 27. Be5 Bf6 28.
Bxf6 Qxf6 29. Qc7 Qd6 30. Qxd6 Rxd6 31. e4 d4 32. e5 Rb6 33. Re1 Re8 34. Bd5 Kf8
35. f4 Rd8 36. Bf3 g6 37. Be4 Bxe4 38. Rxe4 d3 39. Kf2 Rc6 40. Ke3 Kg8 41. Rd4
Rdc8 42. Ke4 Kf8 43. Rd5 Rc5 44. Rxc5 Rxc5 45. Kd4 Rc7 46. Kc3 Ke7 47. Kb4 f6
48. exf6+ Kxf6 49. Kxb5 h5 50. Kb4 h4 51. Kc3 Ke6 52. Rd1 Rb7 53. Kxc4 Rxb2 54.
Rxd3 Rf2 55. Kc5 Rxf4 56. Kb5 Rf1 57. a4 Rg1 58. a5 Rg3 59. Kc4 Rg1 60. Ra3 Rc1+
61. Kb4 Rb1+ 62. Rb3 Ra1 63. Kb5 Kd6 64. Kb6 Kd7 65. a6 Kc8 66. a7 Ra2 67. Rc3+
Kd8 68. Rc5 Ra3 69. Ra5 Rb3+ 70. Kc6 Rc3+ 71. Kd6 {Black resigns} 1-0

[Event "Team 45 45 League T87"]
[Site "Internet Chess Club"]
[Date "2021.02.05"]
[Round "5"]
[White "vhuffst"]
[Black "Constrictor"]
[Result "0-1"]
[WhiteElo "1286"]
[BlackElo "1547"]
[Opening "Queen's pawn"]
[ECO "A40"]
[Time "20:01:47"]
[TimeControl "2700+45"]

1. d4 c6 2. Bf4 d5 3. e3 Nf6 4. c3 Bf5 5. Nf3 e6 6. Be2 Nbd7 7. Nbd2 Be7 8. O-O
O-O 9. h3 c5 10. Nh4 Be4 11. f3 Bg6 12. Nxg6 hxg6 13. g4 Nb6 14. Be5 Nfd7 15.
Bh2 Kh7 16. a4 Rh8 17. a5 Nc8 18. Bd3 Kg8 19. Kg2 Bd6 20. Rh1 Bxh2 21. Rxh2 Nd6
22. Rh1 f5 23. Qa4 c4 24. Bc2 Nf8 25. Qb4 Nf7 26. Rab1 Rb8 27. b3 cxb3 28. Bxb3
Qg5 29. Kf2 Qh4+ 30. Ke2 Ng5 31. Qd6 Re8 32. Ba4 Nf7 33. Qc7 Re7 34. Qb8 Ng5 35.
Qxa7 Nxh3 36. Rbf1 fxg4 37. fxg4 Qxg4+ 38. Kd3 Qg3 39. Rf3 Nf2+ 40. Ke2 Nxh1 41.
Rxg3 Nxg3+ 42. Kd3 Rh3 43. a6 Nf5 44. axb7 Rxe3+ 45. Kc2 Rc7 46. b8=Q Rexc3+ 47.
Kd1 Rc1+ 48. Ke2 R7c3 49. Kf2 Ra3 50. Qc5 Rxc5 51. dxc5 Rxa4 52. c6 Ra2 53. c7
Ne7 54. Ke2 Rc2 55. Qd8 Kf7 56. Kd1 Rc6 57. Nf3 Rxc7 58. Qxc7 Nh7 59. Qf4+ Nf6
60. Ne5+ Kg8 61. Nf3 Ne4 62. Qh2 Nf5 63. Ne5 d4 64. Nxg6 d3 65. Qh8+ Kf7 66.
Ne5+ Kf6 67. Qb8 Ne3+ 68. Kc1 d2+ 69. Kb2 d1=Q {White resigns} 0-1

[Event "Team 45 45 League T87"]
[Site "Internet Chess Club"]
[Date "2021.02.04"]
[Round "5"]
[White "Gojira"]
[Black "mongmong"]
[Result "0-1"]
[WhiteElo "1499"]
[BlackElo "1414"]
[Opening "Queen's pawn"]
[ECO "A40"]
[Time "18:34:19"]
[TimeControl "2700+45"]

1. d4 e6 2. Nc3 Bb4 3. Bf4 Nf6 4. a3 Bxc3+ 5. bxc3 b6 6. e3 Bb7 7. Nf3 O-O 8.
Bd3 d6 9. h4 Nbd7 10. Qe2 Qe7 11. Ba6 Bxa6 12. Qxa6 e5 13. dxe5 Nxe5 14. Nxe5
dxe5 15. Bg5 Qc5 16. c4 Ne4 17. Qb7 Nd6 18. Qf3 Qxc4 19. Be7 Qc3+ 20. Ke2 Qxc2+
21. Ke1 Rfe8 22. Rd1 e4 {White resigns} 0-1

[Event "Team 45 45 League T87"]
[Site "Internet Chess Club"]
[Date "2021.02.05"]
[Round "5"]
[White "Pawnchain"]
[Black "Visin"]
[Result "0-1"]
[WhiteElo "1355"]
[BlackElo "1316"]
[Opening "Scotch gambit"]
[ECO "C44"]
[Time "14:01:06"]
[TimeControl "2700+45"]

1. e4 e5 2. Nf3 Nc6 3. d4 exd4 4. Bc4 h6 5. c3 d6 6. cxd4 Bg4 7. Be3 Nf6 8. Nbd2
d5 9. exd5 Nxd5 10. Qb3 Be6 11. O-O b6 12. Qb5 Qd7 13. Bxd5 Qxd5 14. Qxd5 Bxd5
15. Ne5 Bd6 16. Nxc6 Bxc6 17. Rac1 Bb7 18. Nc4 Be7 19. Ne5 Rc8 20. Rfd1 O-O 21.
h3 Rfd8 {White resigns} 0-1

[Event "Team 45 45 League T87"]
[Site "Internet Chess Club"]
[Date "2021.02.06"]
[Round "5"]
[White "rookmaster23"]
[Black "ChessJayden"]
[Result "1-0"]
[WhiteElo "1708"]
[BlackElo "1665"]
[Opening "Sicilian: Sozin with ...a6 and ...b5"]
[ECO "B87"]
[Time "13:00:33"]
[TimeControl "2700+45"]

1. e4 c5 2. Nf3 d6 3. d4 cxd4 4. Nxd4 Nf6 5. Nc3 a6 6. Bc4 e6 7. Bb3 b5 8. O-O
Be7 9. Qf3 Qc7 10. Qg3 O-O 11. Bh6 Ne8 12. Rad1 Kh8 13. Be3 Nc6 14. f4 Nf6 15.
Nxc6 Qxc6 16. e5 dxe5 17. fxe5 Ne4 18. Qf3 Bb7 19. Nxe4 Qxe4 20. Rd7 Qxf3 21.
gxf3 Bd5 22. Bxd5 exd5 23. Rxe7 Rad8 24. Rd1 f6 25. exf6 Rxf6 26. Rxd5 Rdf8 27.
Rg5 Rg6 28. Rxg6 hxg6 29. Kf2 Rg8 30. Ra7 Kh7 31. Rxa6 Rh8 32. Rb6 Kg8 33. Rb8+
Kh7 34. Rxh8+ Kxh8 35. b3 Kg8 36. c4 bxc4 37. bxc4 {Black resigns} 1-0

[Event "Team 45 45 League T87"]
[Site "Internet Chess Club"]
[Date "2021.02.05"]
[Round "5"]
[White "handsomematch"]
[Black "tryanything"]
[Result "1-0"]
[WhiteElo "1365"]
[BlackElo "1522"]
[Opening "Ruy Lopez: 5.O-O"]
[ECO "C78"]
[Time "17:53:33"]
[TimeControl "2700+45"]

1. e4 e5 2. Nf3 Nc6 3. Bb5 Nf6 4. O-O a6 5. Ba4 b5 6. Bb3 Nxe4 7. Re1 Nc5 8.
Nxe5 Nxe5 9. Rxe5+ Be7 10. Bxf7+ Kxf7 11. Qf3+ Kg8 12. Qxa8 d6 13. Qd5+ Kf8 14.
Qf3+ Kg8 15. Re1 Bb7 16. Qe3 Ne4 17. f3 Bg5 18. Qb3+ Kf8 19. fxe4 Qf6 20. Rf1
{Black resigns} 1-0

[Event "Team 45 45 League T87"]
[Site "Internet Chess Club"]
[Date "2021.02.07"]
[Round "5"]
[White "Electryon"]
[Black "aec7r3b"]
[Result "1-0"]
[WhiteElo "1411"]
[BlackElo "1277"]
[Opening "King's Indian: East Indian defense"]
[ECO "A48"]
[Time "12:01:53"]
[TimeControl "2700+45"]

1. d4 Nf6 2. Nf3 g6 3. Nbd2 d5 4. e3 Bg7 5. Be2 O-O 6. O-O c5 7. c3 Nc6 8. dxc5
Nd7 9. Nb3 e6 10. c4 dxc4 11. Bxc4 a5 12. a4 Qe7 13. Qd6 Qxd6 14. cxd6 Nb6 15.
Bb5 Rd8 16. Rd1 Ne5 17. Nfd4 Rxd6 18. Bd2 Nec4 19. Bc3 Bd7 20. Nc5 Bxb5 21. Nxb5
Rxd1+ 22. Rxd1 Nxb2 23. Bxb2 Bxb2 24. Nxb7 Nxa4 25. Rd2 Rc8 26. g3 Rd8 27. Rxd8+
Kg7 28. Nxa5 Nc5 29. Kg2 Bf6 30. Rc8 Ne4 31. Nc4 Ng5 32. h4 Ne4 33. f3 Nc3 34.
Nxc3 Bxc3 35. Nd6 Bd2 36. e4 Bb4 37. Ne8+ Kg8 38. Nf6+ Kg7 39. e5 Bd2 40. g4 Bf4
41. g5 Bxe5 42. Rg8# {Black checkmated} 1-0

[Event "Team 45 45 League T87"]
[Site "Internet Chess Club"]
[Date "2021.02.07"]
[Round "5"]
[White "eevee11"]
[Black "cap78red"]
[Result "1-0"]
[WhiteElo "995"]
[BlackElo "1360"]
[Opening "Pirc: 150 attack"]
[ECO "B07"]
[Time "12:59:53"]
[TimeControl "2700+45"]

1. e4 d6 2. d4 Nf6 3. Nc3 g6 4. Be3 c6 5. Qd2 b5 6. Bh6 b4 7. Nce2 Nxe4 8. Qe3
Bxh6 9. Qxh6 Qa5 10. b3 Qg5 11. Qxg5 Nxg5 12. Ng3 Ba6 13. Bxa6 Nxa6 14. N1e2
O-O-O 15. O-O-O c5 16. Rhe1 e5 17. dxe5 dxe5 18. Rxd8+ Rxd8 19. f4 exf4 20. Nxf4
Rd4 21. Nfe2 Rd6 22. Rd1 Rxd1+ 23. Kxd1 Nc7 24. h4 Nge6 25. Ne4 Nd5 26. Kd2 f5
27. Ng5 Nxg5 28. hxg5 Kd7 29. Kd3 Kc6 30. c4 bxc3 31. Nxc3 Nxc3 32. Kxc3 Kd5 33.
Kd3 f4 34. a4 Ke5 35. Kc4 Ke4 36. Kxc5 Ke3 37. Kd5 a5 38. Ke5 f3 39. gxf3 Kxf3
40. Kd4 Kf4 41. Kc4 Kxg5 42. b4 h5 43. bxa5 Kg4 44. a6 h4 45. a7 Kg3 46. a8=Q g5
47. Qb8+ Kh3 48. Qb3+ Kg2 49. Qc2+ Kg3 50. Qd3+ Kg2 51. Qe2+ Kg3 52. Qe5+ Kg4
53. Qh2 h3 54. Kd3 Kh4 55. Ke3 g4 56. Kf4 Kh5 57. Qg3 h2 58. Qxh2+ Kg6 59. Qh4
Kf7 60. Qh6 g3 61. Kxg3 Ke8 62. Qh7 Kd8 63. Kf4 {Black resigns} 1-0

[Event "Team 45 45 League T87"]
[Site "Internet Chess Club"]
[Date "2021.02.06"]
[Round "5"]
[White "mongmong"]
[Black "kabindra"]
[Result "1/2-1/2"]
[WhiteElo "1423"]
[BlackElo "1636"]
[Opening "Queen's pawn game"]
[ECO "D02"]
[Time "12:08:52"]
[TimeControl "2700+45"]

1. d4 d5 2. Nf3 Bf5 3. e3 e6 4. c4 Nc6 5. Bd3 dxc4 6. Bxf5 exf5 7. Qc2 Qd5 8.
Nc3 Bb4 9. Bd2 Bxc3 10. Bxc3 Nf6 11. O-O O-O 12. Ne5 Ne4 13. Nxc6 Qxc6 14. Rac1
Rfe8 15. Rfe1 b5 16. f3 Nxc3 17. Qxc3 Qd6 18. b3 cxb3 19. Qxb3 a6 20. Rc5 g6 21.
Rec1 Rac8 22. Rc6 Qd7 23. Rxa6 Qe7 24. Kf2 f4 25. e4 Qd7 26. d5 Qe7 27. Rac6 b4
28. Kf1 Red8 29. R6c4 c5 30. dxc6 Qh4 31. Qc2 Qxh2 32. Kf2 g5 33. Rd1 g4 34.
Rxd8+ Rxd8 35. fxg4 Qg3+ 36. Kg1 Qxg4 37. c7 Rd1+ 38. Qxd1 Qxd1+ 39. Kh2 Qh5+
40. Kg1 Qd1+ 41. Kh2 Qh5+ {Game drawn by mutual agreement} 1/2-1/2

[Event "Team 45 45 League T87"]
[Site "Internet Chess Club"]
[Date "2021.02.05"]
[Round "5"]
[White "goldeen7"]
[Black "g8wrb"]
[Result "1/2-1/2"]
[WhiteElo "1310"]
[BlackElo "1333"]
[Opening "French: classical, Steinitz variation"]
[ECO "C14"]
[Time "15:12:17"]
[TimeControl "2700+45"]

1. e4 e6 2. d4 d5 3. Nc3 Nf6 4. Bg5 Be7 5. e5 Nfd7 6. Bxe7 Qxe7 7. f4 c5 8. Nf3
a6 9. dxc5 Nxc5 10. Qd2 Nc6 11. Bd3 Nxd3+ 12. cxd3 Bd7 13. O-O O-O 14. Rac1 Rac8
15. a3 f5 16. Qf2 Nd8 17. Nd4 Nf7 18. Kh1 Nh6 19. h3 Qf7 20. Qg3 Qh5 21. Qf3 Qh4
22. Qf2 Qh5 23. Qf3 Qe8 24. Qg3 Qd8 25. Qf2 Re8 26. Qg3 Qb6 27. Qf2 Bb5 28.
Ndxb5 Qxf2 29. Rxf2 axb5 30. Rfc2 Rc6 31. Nxb5 Rec8 32. Rxc6 Rxc6 33. Rxc6 bxc6
34. Na7 c5 35. b4 cxb4 36. axb4 Nf7 37. Kg1 Nd8 38. b5 Kf8 39. Kf2 Ke8 40. Ke3
Kd7 41. Kd4 Kc7 42. Kc5 Nb7+ 43. Kb4 Kb6 44. Nc8+ Kc7 45. Nd6 Nxd6 46. exd6+
Kxd6 47. b6 Kc6 48. Ka5 Kb7 49. Kb5 h6 50. Kc5 g5 51. Kd6 Kxb6 52. Kxe6 Kc5 53.
Kxf5 Kd4 54. fxg5 hxg5 55. Ke6 Kxd3 56. Kxd5 Ke3 57. g3 Kf3 58. h4 gxh4 59. gxh4
Kg4 60. h5 Kxh5 {Game drawn because neither player has mating material} 1/2-1/2

[Event "Team 45 45 League T87"]
[Site "Internet Chess Club"]
[Date "2021.02.06"]
[Round "5"]
[White "SeniorCitizen"]
[Black "olivermx"]
[Result "1-0"]
[WhiteElo "1260"]
[BlackElo "1291"]
[Opening "Danish gambit"]
[ECO "C21"]
[Time "12:30:32"]
[TimeControl "2700+45"]

1. e4 e5 2. d4 exd4 3. c3 dxc3 4. Bc4 Qf6 5. Nxc3 Bc5 6. Nf3 h6 7. O-O Ne7 8.
Nb5 Qc6 9. Nc3 Bxf2+ 10. Rxf2 Qxc4 11. Re2 Nbc6 12. Nd5 Nxd5 13. exd5+ Ne7 14.
Rd2 O-O 15. b3 Qc5+ 16. Kh1 d6 17. Bb2 Bg4 18. Rc1 Bxf3 19. Qxf3 Qb4 20. Rdd1
Rac8 21. a3 Qh4 22. Rc4 Qg5 23. Rg4 Qf5 24. Rxg7+ {Black resigns} 1-0

[Event "Team 45 45 League T87"]
[Site "Internet Chess Club"]
[Date "2021.02.05"]
[Round "5"]
[White "WzeroMN"]
[Black "seattleblues"]
[Result "0-1"]
[WhiteElo "1051"]
[BlackElo "1295"]
[Opening "Caro-Kann: advance variation"]
[ECO "B12"]
[Time "14:00:48"]
[TimeControl "2700+45"]

1. e4 c6 2. d4 d5 3. e5 Bf5 4. Bd3 Bxd3 5. Qxd3 e6 6. Nf3 Nd7 7. O-O Ne7 8. Bf4
Ng6 9. Bg5 Qb6 10. b3 c5 11. c3 cxd4 12. cxd4 Nb8 13. Nc3 Nc6 14. Na4 Qc7 15.
Rac1 Rc8 16. Qd2 Bb4 17. Qd3 O-O 18. Bd2 Qb8 19. Nc5 Bxc5 20. Rxc5 b6 21. Rc2
Nge7 22. Rfc1 a5 23. a4 Qb7 24. Qb5 Na7 25. Qd3 Rxc2 26. Rxc2 Nac6 27. Ng5 g6
28. Nf3 Nf5 29. Qb5 Nfxd4 30. Nxd4 Nxd4 31. Qd3 Nxc2 32. Qxc2 Rc8 33. Qb1 Qc7
34. g3 Qxe5 35. Bf4 Qe2 36. Kg2 Rc2 37. Qf1 Qe4+ 38. Kg1 Rb2 39. h3 Rb1 40. Bc1
Qc2 {White resigns} 0-1

[Event "Team 45 45 League T87"]
[Site "Internet Chess Club"]
[Date "2021.02.08"]
[Round "5"]
[White "GoIrish"]
[Black "Validus"]
[Result "0-1"]
[WhiteElo "1519"]
[BlackElo "1439"]
[Opening "Réti: King's Indian attack (Barcza system)"]
[ECO "A07"]
[Time "19:39:26"]
[TimeControl "2700+45"]

1. Nf3 d5 2. g3 c6 3. Bg2 Nf6 4. O-O Nbd7 5. d4 Qc7 6. c4 dxc4 7. Nc3 Nd5 8. e4
Nxc3 9. bxc3 e5 10. Nxe5 Nxe5 11. Bf4 Bd6 12. dxe5 Bxe5 13. Bxe5 Qxe5 14. Qc2
Be6 15. Rab1 b5 16. a4 a6 17. axb5 cxb5 18. f4 Qc5+ 19. Kh1 O-O 20. Rbd1 Rfd8
21. f5 Rxd1 22. Rxd1 Bxf5 23. exf5 Re8 24. Be4 g6 25. fxg6 hxg6 26. Bd5 Kg7 27.
Qg2 Re3 28. Rf1 Re7 29. Qf3 f5 30. h4 Re3 31. Qg2 Rxc3 32. Be6 Qe3 33. Qb7+ Kh6
34. Qg2 Qxe6 35. Qd2+ Qe3 36. Qd6 Qe4+ 37. Kg1 Qe3+ 38. Kh1 Rc1 39. Qf8+ Kh5 40.
g4+ Kxg4 41. Rxc1 Qxc1+ {White resigns} 0-1

[Event "Team 45 45 League T87"]
[Site "Internet Chess Club"]
[Date "2021.02.06"]
[Round "5"]
[White "bardu"]
[Black "dabodhi"]
[Result "0-1"]
[WhiteElo "1337"]
[BlackElo "1460"]
[Opening "QGD: 4.Bg5 Be7"]
[ECO "D53"]
[Time "21:22:50"]
[TimeControl "2700+45"]

1. d4 d5 2. c4 e6 3. Nc3 Nf6 4. Bg5 Be7 5. e3 Nbd7 6. Nf3 h6 7. Bh4 O-O 8. Rc1
c6 9. Bd3 a6 10. O-O dxc4 11. Bxc4 b5 12. Bd3 Bb7 13. Bxf6 Nxf6 14. Ne4 Qd5 15.
Nxf6+ Bxf6 16. Bb1 Rfd8 17. Qc2 g6 18. Rfd1 Rac8 19. Qe2 Be7 20. e4 Qh5 21. h3
g5 22. Qe3 c5 23. dxc5 Rxd1+ 24. Rxd1 Bxc5 25. Qd3 g4 26. hxg4 Qxg4 27. Qd7 Kh8
28. Qxf7 Rg8 29. Qf6+ Qg7 30. Qxg7+ Rxg7 31. Rd8+ Rg8 32. Rxg8+ Kxg8 33. Ne5 Bd4
34. Ng4 h5 35. Nf6+ Bxf6 {White resigns} 0-1

[Event "Team 45 45 League T87"]
[Site "Internet Chess Club"]
[Date "2021.02.07"]
[Round "5"]
[White "PsyMar"]
[Black "arconia"]
[Result "1-0"]
[WhiteElo "1411"]
[BlackElo "1234"]
[Opening "Sicilian defense"]
[ECO "B44"]
[Time "12:01:04"]
[TimeControl "2700+45"]

1. e4 c5 2. Nf3 Nc6 3. d4 cxd4 4. Nxd4 e6 5. Be3 Nf6 6. Nc3 a6 7. Bc4 b5 8. Bb3
Bb7 9. O-O Be7 10. Nxc6 Bxc6 11. e5 Ne4 12. Nxe4 Bxe4 13. c4 bxc4 14. Bxc4 Qc7
15. Rc1 Qxe5 16. Bd4 Qg5 17. f3 Bg6 18. f4 Qh6 19. Qf3 d5 20. Be3 Be4 21. Qe2
dxc4 22. f5 Qf6 23. Qxc4 exf5 24. Qa4+ Kf8 25. Bd4 Qg6 26. Rf2 h5 27. Qd7 Qg5
28. Rc8+ Rxc8 29. Qxc8+ Bd8 30. Be3 Qf6 31. Rd2 g6 32. Rxd8+ Ke7 {Black resigns}
1-0

[Event "Team 45 45 League T87"]
[Site "Internet Chess Club"]
[Date "2021.02.08"]
[Round "5"]
[White "Kidpython"]
[Black "Fulmar"]
[Result "1/2-1/2"]
[WhiteElo "1169"]
[BlackElo "1208"]
[Opening "QGD semi-Slav: Meran variation"]
[ECO "D47"]
[Time "10:00:34"]
[TimeControl "2700+45"]

1. d4 d5 2. c4 c6 3. Nc3 Nf6 4. e3 e6 5. Nf3 Nbd7 6. Bd3 dxc4 7. Bxc4 b5 8. Bd3
Be7 9. Ne4 O-O 10. Nxf6+ Nxf6 11. O-O Qb6 12. Qb3 Rb8 13. Bd2 c5 14. dxc5 Bxc5
15. Bb4 Bxb4 16. Qxb4 Nd5 17. Qb3 a6 18. a3 Rd8 19. Qc2 h6 20. e4 Nf4 21. e5
Nxd3 22. Rfd1 Nf4 23. Rxd8+ Qxd8 24. Rd1 Qe7 25. Qd2 Ng6 26. Qd6 Qxd6 27. exd6
Bd7 28. Rc1 Rb6 29. Rd1 a5 30. h4 f6 31. g4 Nh8 32. g5 Kh7 33. gxf6 gxf6 34. Ne1
Nf7 35. Rc1 Rxd6 36. Rc7 Kg8 37. Nc2 Kf8 38. b3 a4 39. bxa4 bxa4 40. Nb4 Ke7 41.
Ra7 e5 42. Na6 f5 43. Nc5 Rd4 44. f3 e4 45. fxe4 fxe4 46. Nxd7 Rxd7 47. Rxa4 Nd6
48. Kf2 Ke6 49. Ke3 Kd5 50. Ra6 Re7 51. a4 Kc5 52. a5 Re6 53. Ke2 e3 54. Rb6 h5
55. Rb1 Nb5 56. Ra1 Nc7 57. Ra3 Kb5 58. a6 Rxa6 59. Rxa6 Kxa6 60. Kxe3 Ne8 61.
Kf4 Kb7 62. Kg5 Kc7 63. Kxh5 Kd7 64. Kg6 Ke6 65. h5 Nf6 66. h6 Ke7 67. Kg7 Ke6
68. h7 Nxh7 {Game drawn because neither player has mating material} 1/2-1/2

[Event "Team 45 45 League T87"]
[Site "Internet Chess Club"]
[Date "2021.02.07"]
[Round "5"]
[White "Ajolote"]
[Black "Packerfan"]
[Result "1/2-1/2"]
[WhiteElo "1992"]
[BlackElo "1821"]
[Opening "Ruy Lopez: Schliemann defense"]
[ECO "C63"]
[Time "14:04:00"]
[TimeControl "2700+45"]

1. e4 e5 2. Nf3 Nc6 3. Bb5 f5 4. d3 fxe4 5. dxe4 Nf6 6. O-O Bc5 7. Bc4 d6 8. Nc3
Qe7 9. Bg5 Be6 10. Nd5 Bxd5 11. Bxd5 h6 12. Bxf6 Qxf6 13. c3 Ne7 14. Bxb7 Rb8
15. Qa4+ Kf8 16. b4 Rxb7 17. bxc5 dxc5 18. Rad1 Kg8 19. Qc4+ Kh7 20. Qxc5 Ng6
21. Rd7 Rhb8 22. Rxc7 Rb1 23. Qc4 Nf4 24. Nd2 Nh3+ 25. gxh3 Qg5+ 26. Kh1 Qxd2
27. Rf7 Rxf1+ 28. Qxf1 Qxa2 29. Rd7 Rb1 30. Rd1 Rxd1 31. Qxd1 Qxf2 32. c4 Qd4
33. Qc2 Qc5 34. Kg2 a5 35. Kf3 Qa3+ 36. Kg2 a4 37. c5 Qb3 38. Qf2 a3 39. c6 Qb2
40. c7 Qxf2+ 41. Kxf2 a2 42. c8=Q a1=Q 43. Qf5+ Kg8 44. Qc8+ Kh7 45. Qf5+ {Game
drawn by mutual agreement} 1/2-1/2

[Event "Team 45 45 League T87"]
[Site "Internet Chess Club"]
[Date "2021.02.04"]
[Round "5"]
[White "cadmiumorange"]
[Black "hipopotamos"]
[Result "0-1"]
[WhiteElo "1828"]
[BlackElo "1713"]
[Opening "Richter-Veresov attack"]
[ECO "D01"]
[Time "14:00:08"]
[TimeControl "2700+45"]

1. d4 d5 2. Nc3 Nf6 3. Bg5 Nc6 4. Bxf6 exf6 5. e3 a6 6. Be2 Bb4 7. f4 O-O 8. Nf3
Re8 9. Qd3 Qe7 10. Kf2 Qd6 11. Rhf1 Ne7 12. Nd1 c5 13. c3 c4 14. Qd2 Ba5 15. b4
Bc7 16. a4 Qe6 17. Re1 Nf5 18. Bf1 Nd6 19. Kg1 a5 20. b5 Bd7 21. Nf2 Re7 22. Qb2
Rae8 23. g4 Ne4 24. f5 Qd6 25. Nh3 g6 26. Nf4 gxf5 27. gxf5 Bxf5 28. Nh4 Bg6 29.
Qg2 Kh8 30. Qh3 Rg8 31. Nhxg6+ fxg6 32. Ra2 Nxc3 33. Rg2 g5 34. Nh5 Nxa4 35. Qf5
Rg6 36. Qc8+ Qd8 37. Qf5 Qd6 38. Qc8+ Bd8 39. Ng3 Rd7 40. Nf5 Qc7 41. Qa8 Qb6
42. e4 Rg8 43. exd5 Be7 44. Qxg8+ Kxg8 45. Rxe7 Rxe7 46. Nxe7+ Kf7 47. Nf5 c3
48. Re2 Qd8 49. d6 Nb6 50. Re7+ Qxe7 51. dxe7 c2 52. Ng7 Kxe7 {White resigns}
0-1

[Event "Team 45 45 League T87"]
[Site "Internet Chess Club"]
[Date "2021.02.08"]
[Round "5"]
[White "Kingfisher75"]
[Black "cayo89"]
[Result "1/2-1/2"]
[WhiteElo "1550"]
[BlackElo "1513"]
[Opening "Pirc defense"]
[ECO "B07"]
[Time "20:06:18"]
[TimeControl "2700+45"]

1. e4 d6 2. d4 Nf6 3. Nc3 e5 4. Nf3 exd4 5. Nxd4 Be7 6. g3 c5 7. Nf5 Bxf5 8.
exf5 Nc6 9. Bg2 Qd7 10. Bf4 a6 11. Nd5 Nxd5 12. Qxd5 O-O 13. c3 Rfe8 14. O-O
Rad8 15. Rad1 Bf8 16. Bg5 Re5 17. Qb3 Rde8 18. g4 b5 19. Rd2 Re1 20. Rd1 Rxf1+
21. Kxf1 Ne5 22. h3 Nc4 23. a4 Nb6 24. axb5 axb5 25. Be3 c4 26. Qc2 Qc7 27. b3
Rc8 28. Bd4 cxb3 29. Qxb3 Qc4+ 30. Qxc4 Nxc4 31. Bd5 {Game drawn by mutual
agreement} 1/2-1/2

[Event "Team 45 45 League T87"]
[Site "Internet Chess Club"]
[Date "2021.02.05"]
[Round "5"]
[White "ivanson"]
[Black "fireball"]
[Result "1/2-1/2"]
[WhiteElo "1610"]
[BlackElo "1480"]
[Opening "French: Fort Knox variation"]
[ECO "C03"]
[Time "14:02:25"]
[TimeControl "2700+45"]

1. e4 e6 2. d4 d5 3. Nd2 dxe4 4. Nxe4 Bd7 5. Nf3 Bc6 6. Bd3 Nd7 7. O-O Ngf6 8.
Nxf6+ Nxf6 9. c3 Be7 10. Ne5 Be4 11. Re1 Bxd3 12. Nxd3 O-O 13. Bf4 Nd5 14. Bg3
Bd6 15. Qb3 b6 16. Ne5 Bxe5 17. Bxe5 Ne7 18. Rad1 Ng6 19. Bg3 c6 20. Qc4 Qd7 21.
h4 Ne7 22. h5 Qd5 23. Qxd5 Nxd5 24. Bh4 Nf4 25. g4 Nd5 26. a3 Rfe8 27. Re4 f5
28. Re5 fxg4 29. Rg5 Nf6 30. h6 g6 31. Re5 Kf7 32. Rde1 Rad8 33. Bxf6 Kxf6 34.
R1e4 Rd5 35. Rf4+ Ke7 36. Rxg4 Rxe5 37. dxe5 c5 38. Kf1 Rd8 39. Ke2 Rd5 40. Re4
b5 41. b3 Rd8 42. c4 Rb8 43. cxb5 Rxb5 44. Re3 a5 45. Kd2 Rb8 46. Rf3 Rd8+ 47.
Kc2 Rd5 48. Re3 g5 49. f3 Kf7 50. Re4 Kg6 51. Ra4 Kxh6 52. Rxa5 Kg6 53. b4 h5
54. Rxc5 h4 55. Rc8 Kf5 56. a4 Kf4 57. Rf8+ Kg3 58. a5 h3 59. a6 h2 60. Rh8 Rd8
61. Rxd8 h1=Q 62. a7 Qg2+ {Game drawn by mutual agreement} 1/2-1/2